[gd_scene load_steps=7 format=3 uid="uid://cyxg8xd3gjce6"]

[ext_resource type="Script" path="res://game/characters/npcs/new_activity_manager/activities/EatActivity.gd" id="1_37mt0"]
[ext_resource type="Script" path="res://addons/godot_state_charts/state_chart.gd" id="2_1jvki"]
[ext_resource type="Script" path="res://addons/godot_state_charts/compound_state.gd" id="3_yp2k6"]
[ext_resource type="Script" path="res://addons/godot_state_charts/atomic_state.gd" id="4_64no0"]
[ext_resource type="Script" path="res://addons/godot_state_charts/transition.gd" id="5_67dra"]
[ext_resource type="PackedScene" uid="uid://cbyy10oqsy7ug" path="res://game/items/animated/vomit.tscn" id="6_u6k0q"]

[node name="EatActivity" type="Node" node_paths=PackedStringArray("state_chart")]
script = ExtResource("1_37mt0")
state_chart = NodePath("StateChart")

[node name="StateChart" type="Node" parent="."]
script = ExtResource("2_1jvki")

[node name="CompoundState" type="Node" parent="StateChart"]
script = ExtResource("3_yp2k6")
initial_state = NodePath("Idle")

[node name="Idle" type="Node" parent="StateChart/CompoundState"]
script = ExtResource("4_64no0")

[node name="Start" type="Node" parent="StateChart/CompoundState/Idle"]
script = ExtResource("5_67dra")
to = NodePath("../../WaitForFood")
event = &"start"

[node name="WaitForFood" type="Node" parent="StateChart/CompoundState"]
script = ExtResource("4_64no0")

[node name="End" type="Node" parent="StateChart/CompoundState/WaitForFood"]
script = ExtResource("5_67dra")
to = NodePath("../../Idle")
event = &"end"

[node name="toTake" type="Node" parent="StateChart/CompoundState/WaitForFood"]
script = ExtResource("5_67dra")
to = NodePath("../../TakeFood")
event = &"take_food"

[node name="TakeFood" type="Node" parent="StateChart/CompoundState"]
script = ExtResource("4_64no0")

[node name="End2" type="Node" parent="StateChart/CompoundState/TakeFood"]
script = ExtResource("5_67dra")
to = NodePath("../../Idle")
event = &"end"

[node name="toSit" type="Node" parent="StateChart/CompoundState/TakeFood"]
script = ExtResource("5_67dra")
to = NodePath("../../SitDown")
event = &"sit"

[node name="Stand" type="Node" parent="StateChart/CompoundState"]
script = ExtResource("4_64no0")

[node name="End3" type="Node" parent="StateChart/CompoundState/Stand"]
script = ExtResource("5_67dra")
to = NodePath("../../Idle")
event = &"end"

[node name="SitDown" type="Node" parent="StateChart/CompoundState"]
script = ExtResource("4_64no0")

[node name="End4" type="Node" parent="StateChart/CompoundState/SitDown"]
script = ExtResource("5_67dra")
to = NodePath("../../Idle")
event = &"end"

[node name="toEat" type="Node" parent="StateChart/CompoundState/SitDown"]
script = ExtResource("5_67dra")
to = NodePath("../../Eat")
event = &"eat"

[node name="Vomit" type="Node" parent="StateChart/CompoundState"]
script = ExtResource("4_64no0")

[node name="End5" type="Node" parent="StateChart/CompoundState/Vomit"]
script = ExtResource("5_67dra")
to = NodePath("../../Idle")
event = &"end"

[node name="toStand" type="Node" parent="StateChart/CompoundState/Vomit"]
script = ExtResource("5_67dra")
to = NodePath("../../Stand")
event = &"stand_up"

[node name="Eat" type="Node" parent="StateChart/CompoundState"]
script = ExtResource("4_64no0")

[node name="toStand" type="Node" parent="StateChart/CompoundState/Eat"]
script = ExtResource("5_67dra")
to = NodePath("../../Stand")
event = &"to_stand"

[node name="End6" type="Node" parent="StateChart/CompoundState/Eat"]
script = ExtResource("5_67dra")
to = NodePath("../../Idle")
event = &"end"

[node name="toVomit" type="Node" parent="StateChart/CompoundState/Eat"]
script = ExtResource("5_67dra")
to = NodePath("../../Vomit")
event = &"vomit"

[node name="EatTimer" type="Timer" parent="."]

[node name="Vomit" parent="." instance=ExtResource("6_u6k0q")]
position = Vector2(1000, 200)

[connection signal="state_physics_processing" from="StateChart/CompoundState/WaitForFood" to="." method="_on_wait_for_food_state_physics_processing"]
[connection signal="state_physics_processing" from="StateChart/CompoundState/TakeFood" to="." method="_on_take_food_state_physics_processing"]
[connection signal="state_physics_processing" from="StateChart/CompoundState/SitDown" to="." method="_on_sit_down_state_physics_processing"]
[connection signal="state_entered" from="StateChart/CompoundState/Vomit" to="." method="_on_vomit_state_entered"]
[connection signal="state_entered" from="StateChart/CompoundState/Eat" to="." method="_on_eat_state_entered"]
[connection signal="state_physics_processing" from="StateChart/CompoundState/Eat" to="." method="_on_eat_state_physics_processing"]
